PL
BUCKHEAD BOWTIES @ TOLEDO TITANS
09/21/2020
 
TOP OF THE 1ST
Buckhead Bowties batting - Pitching for Toledo Titans : RHP Devin Hinton
Pitching: RHP Devin Hinton
Batting: RHB Dave King 0-0: Swinging Strike
0-1: Ball
1-1: Foul Ball, location: 2F
1-2: Ball
2-2: Foul Ball, location: 2F
2-2: Ball
3-2: Foul Ball, location: 2F
3-2: Foul Ball, location: 2F
3-2: Fly out, F8 (Flyball, 8RD)
Batting: LHB Sinclair van Kooten 0-0: Called Strike
0-1: Ball
1-1: Ball
2-1: Ball
3-1: Called Strike
3-2: Strikes out swinging
Batting: RHB John Downing 0-0: Swinging Strike
0-1: Ball
1-1: Ball
2-1: Ground out 6-3 (Groundball, 6)
Top of the 1st over - 0 run(s), 0 hit(s), 0 error(s), 0 left on base; Buckhead 0 - Toledo 0
BOTTOM OF THE 1ST
Toledo Titans batting - Pitching for Buckhead Bowties : RHP Yoriyoshi Yamamoto
Pitching: RHP Yoriyoshi Yamamoto
Batting: RHB Sherman Davis 0-0: Ball
1-0: Ball
2-0: Called Strike
2-1: Foul Ball, location: 2F
2-2: Ground out 6-3 (Groundball, 6)
Batting: LHB David Martínez 0-0: SINGLE (Groundball, 5D)
Batting: LHB Michael Neely 0-0: Ball
1-0: Called Strike
1-1: Swinging Strike
1-2: Foul Ball, location: 2F
1-2: Strikes out swinging
Batting: RHB Juan Orozco 0-0: Fly out, F7 (Popup, 7S)
Bottom of the 1st over - 0 run(s), 1 hit(s), 0 error(s), 1 left on base; Buckhead 0 - Toledo 0
TOP OF THE 2ND
Buckhead Bowties batting - Pitching for Toledo Titans : RHP Devin Hinton
Batting: LHB Tony Martínez 0-0: Ball
1-0: Called Strike
1-1: Called Strike
1-2: Ball
2-2: Foul Ball, location: 2F
2-2: Foul Ball, location: 2F
2-2: Ball
3-2: Foul Ball, location: 2F
3-2: SOLO HOME RUN (Flyball, 89XD), Distance : 430 ft
Batting: RHB Gabriel Rodríguez 0-0: Ground out 6-3 (Groundball, 6M)
Batting: LHB Kenneth Chapman 0-0: SOLO HOME RUN (Line Drive, 89XD), Distance : 427 ft
Batting: RHB Pedro Morales 0-0: Ball
1-0: SINGLE (Line Drive, 78S)
Batting: RHB Domingo García 0-0: Ball
1-0: Swinging Strike
1-1: Ball
2-1: Foul Ball, location: 2F
2-2: Foul Ball, location: 2F
2-2: Foul Ball, location: 2F
2-2: Fly out, F8 (Line Drive, 8RD)
Batting: RHB Yoriyoshi Yamamoto 0-0: Ball
1-0: Foul Ball, location: 2F
1-1: Ball
2-1: Foul Ball, location: 2F
2-2: SINGLE (Groundball, 56)
Pedro Morales to second
Batting: RHB Dave King 0-0: Ball
1-0: Called Strike
1-1: Foul Ball, location: 2F
1-2: Ground out U3 (Groundball, 3)
Top of the 2nd over - 2 run(s), 4 hit(s), 0 error(s), 2 left on base; Buckhead 2 - Toledo 0
BOTTOM OF THE 2ND
Toledo Titans batting - Pitching for Buckhead Bowties : RHP Yoriyoshi Yamamoto
Batting: LHB Chris West 0-0: Called Strike
0-1: Ball
1-1: Foul Ball, location: 2F
1-2: Ball
2-2: Ground out 6-3 (Groundball, 6)
Batting: RHB Steve Ferguson 0-0: Called Strike
0-1: Swinging Strike
0-2: Foul Ball, location: 2F
0-2: Foul Ball, location: 2F
0-2: Ball
1-2: Strikes out swinging
Batting: LHB Takahiro Harada 0-0: Ball
1-0: Ball
2-0: Ball
3-0: Foul Ball, location: 2F
3-1: Called Strike
3-2: Foul Ball, location: 2F
3-2: Ground out 6-3 (Groundball, 6)
Bottom of the 2nd over - 0 run(s), 0 hit(s), 0 error(s), 0 left on base; Buckhead 2 - Toledo 0
TOP OF THE 3RD
Buckhead Bowties batting - Pitching for Toledo Titans : RHP Devin Hinton
Batting: LHB Sinclair van Kooten 0-0: Called Strike
0-1: Ball
1-1: Ball
2-1: SINGLE (Flyball, 56D)
Batting: RHB John Downing 0-0: Foul Ball, location: 2F
0-1: Grounds into double play, 1-6-3 (Groundball, 15)
Batting: LHB Tony Martínez 0-0: Fly out, F4 (Popup, 4D)
Top of the 3rd over - 0 run(s), 1 hit(s), 0 error(s), 0 left on base; Buckhead 2 - Toledo 0
BOTTOM OF THE 3RD
Toledo Titans batting - Pitching for Buckhead Bowties : RHP Yoriyoshi Yamamoto
Batting: RHB Brad Brown 0-0: Called Strike
0-1: Ball
1-1: Called Strike
1-2: Ball
2-2: Strikes out swinging
Batting: RHB Devin Hinton 0-0: Ball
1-0: Foul Ball, location: 2F
1-1: Ball
2-1: Foul Ball, location: 2F
2-2: Strikes out looking
Batting: RHB Sherman Davis 0-0: Ball
1-0: Called Strike
1-1: Called Strike
1-2: Strikes out looking
Bottom of the 3rd over - 0 run(s), 0 hit(s), 0 error(s), 0 left on base; Buckhead 2 - Toledo 0
TOP OF THE 4TH
Buckhead Bowties batting - Pitching for Toledo Titans : RHP Devin Hinton
Batting: RHB Gabriel Rodríguez 0-0: Ball
1-0: Swinging Strike
1-1: Ball
2-1: Foul Ball, location: 2F
2-2: Strikes out looking
Batting: LHB Kenneth Chapman 0-0: Called Strike
0-1: Ball
1-1: Ball
2-1: Swinging Strike
2-2: Ground out U3 (Groundball, 3)
Batting: RHB Pedro Morales 0-0: Swinging Strike
0-1: SINGLE (Line Drive, 6D)
Batting: RHB Domingo García 0-0: Ball
1-0: Ball
2-0: Ball
3-0: Base on Balls
Pedro Morales to second
Pitching: RHP Rusty King
Batting: RHB Yoriyoshi Yamamoto 0-0: Ball
1-0: Called Strike
1-1: Ball
2-1: Called Strike
2-2: Strikes out looking
Top of the 4th over - 0 run(s), 1 hit(s), 0 error(s), 2 left on base; Buckhead 2 - Toledo 0
BOTTOM OF THE 4TH
Toledo Titans batting - Pitching for Buckhead Bowties : RHP Yoriyoshi Yamamoto
Batting: LHB David Martínez 0-0: Ground out 6-3 (Groundball, 6M)
Batting: LHB Michael Neely 0-0: Called Strike
0-1: Ball
1-1: SOLO HOME RUN (Flyball, 9D), Distance : 399 ft
Batting: RHB Juan Orozco 0-0: Called Strike
0-1: Foul Ball, location: 2F
0-2: Strikes out swinging
Batting: LHB Chris West 0-0: Swinging Strike
0-1: Ground out 4-3 (Groundball, 4S)
Bottom of the 4th over - 1 run(s), 1 hit(s), 0 error(s), 0 left on base; Buckhead 2 - Toledo 1
TOP OF THE 5TH
Buckhead Bowties batting - Pitching for Toledo Titans : RHP Rusty King
Batting: RHB Dave King 0-0: Called Strike
0-1: Ball
1-1: Ground out 6-3 (Groundball, 6)
Batting: LHB Sinclair van Kooten 0-0: Ball
1-0: Called Strike
1-1: Swinging Strike
1-2: Strikes out swinging
Batting: RHB John Downing 0-0: Ball
1-0: Ball
2-0: Ball
3-0: Base on Balls
Batting: LHB Tony Martínez 0-0: SINGLE (Line Drive, 89S)
John Downing to second
Batting: RHB Gabriel Rodríguez 0-0: Swinging Strike
0-1: Ball
1-1: Swinging Strike
1-2: Ball
2-2: Fly out, F9 (Flyball, 9LS)
Top of the 5th over - 0 run(s), 1 hit(s), 0 error(s), 2 left on base; Buckhead 2 - Toledo 1
BOTTOM OF THE 5TH
Toledo Titans batting - Pitching for Buckhead Bowties : RHP Yoriyoshi Yamamoto
Batting: RHB Steve Ferguson 0-0: Called Strike
0-1: Foul Ball, location: 2F
0-2: Ball
1-2: Ball
2-2: Fly out, F2 (Popup, 2LF)
Batting: LHB Takahiro Harada 0-0: Ball
1-0: Foul Ball, location: 2F
1-1: Fly out, F8 (Flyball, 8LD)
Batting: RHB Brad Brown 0-0: Foul Ball, location: 2F
0-1: Foul Ball, location: 2F
0-2: Ball
1-2: Strikes out swinging
Bottom of the 5th over - 0 run(s), 0 hit(s), 0 error(s), 0 left on base; Buckhead 2 - Toledo 1
TOP OF THE 6TH
Buckhead Bowties batting - Pitching for Toledo Titans : RHP Rusty King
Batting: LHB Kenneth Chapman 0-0: SINGLE (Line Drive, 34D)
Batting: RHB Pedro Morales 0-0: Called Strike
0-1: Called Strike
0-2: Ball
1-2: Fly out, F9 (Flyball, 9M)
Batting: RHB Domingo García 0-0: Called Strike
0-1: Ball
1-1: Foul Ball, location: 2F
1-2: Strikes out swinging
Batting: RHB Yoriyoshi Yamamoto 0-0: Ball
1-0: Ball
2-0: Called Strike
2-1: Fielders Choice at 2nd, 5-4 (Groundball, 56)
Top of the 6th over - 0 run(s), 1 hit(s), 0 error(s), 0 left on base; Buckhead 2 - Toledo 1
BOTTOM OF THE 6TH
Toledo Titans batting - Pitching for Buckhead Bowties : RHP Yoriyoshi Yamamoto
Pinch Hitting: LHB Maxwell Ings 0-0: Called Strike
0-1: Ball
1-1: Called Strike
1-2: Strikes out swinging
Batting: RHB Sherman Davis 0-0: Ball
1-0: Swinging Strike
1-1: Ground out 6-3 (Groundball, 6)
Batting: LHB David Martínez 0-0: Foul Ball, location: 2F
0-1: Ground out 4-3 (Groundball, 4)
Bottom of the 6th over - 0 run(s), 0 hit(s), 0 error(s), 0 left on base; Buckhead 2 - Toledo 1
TOP OF THE 7TH
Buckhead Bowties batting - Pitching for Toledo Titans : RHP Rusty King
Pitching: RHP Burt Booth
Batting: RHB Dave King 0-0: Swinging Strike
0-1: Ball
1-1: Fly out, F9 (Flyball, 9S)
Batting: LHB Sinclair van Kooten 0-0: Foul Ball, location: 2F
0-1: Ball
1-1: Ball
2-1: SINGLE (Flyball, 7S)
Batting: RHB John Downing 0-0: Ball
Throwing error on steal attempt, E2
Sinclair van Kooten to third
1-0: Intentional Walk
Batting: LHB Tony Martínez 0-0: Ball
1-0: Ball
2-0: Called Strike
2-1: Ball
3-1: Foul Ball, location: 2F
3-2: Foul Ball, location: 2F
3-2: Foul Ball, location: 2F
3-2: Fly out, F6 (Popup, 4MD)
Batting: RHB Gabriel Rodríguez 0-0: Ball
1-0: Swinging Strike
1-1: Foul Ball, location: 2F
1-2: Strikes out looking
Top of the 7th over - 0 run(s), 1 hit(s), 1 error(s), 2 left on base; Buckhead 2 - Toledo 1
BOTTOM OF THE 7TH
Toledo Titans batting - Pitching for Buckhead Bowties : RHP Yoriyoshi Yamamoto
Batting: LHB Michael Neely 0-0: Ball
1-0: Fly out, F7 (Flyball, 7LS)
Batting: RHB Juan Orozco 0-0: Fly out, F3 (Popup, 23F)
Batting: LHB Chris West 0-0: Called Strike
0-1: Called Strike
0-2: Strikes out swinging
Bottom of the 7th over - 0 run(s), 0 hit(s), 0 error(s), 0 left on base; Buckhead 2 - Toledo 1
TOP OF THE 8TH
Buckhead Bowties batting - Pitching for Toledo Titans : RHP Burt Booth
Batting: LHB Kenneth Chapman 0-0: Ball
1-0: Ball
2-0: Called Strike
2-1: Swinging Strike
2-2: Ball
3-2: Foul Ball, location: 2F
3-2: Strikes out swinging
Batting: RHB Pedro Morales 0-0: Ball
1-0: Fly out, F8 (Flyball, 78D)
Batting: RHB Domingo García 0-0: Ball
1-0: SINGLE (Flyball, 6MD)
Pinch Hitting: RHB Chandler Bailey 0-0: Ball
1-0: Ball
2-0: Called Strike
2-1: Called Strike
2-2: Strikes out looking
Top of the 8th over - 0 run(s), 1 hit(s), 0 error(s), 1 left on base; Buckhead 2 - Toledo 1
BOTTOM OF THE 8TH
Toledo Titans batting - Pitching for Buckhead Bowties : RHP Yoriyoshi Yamamoto
Pitching: RHP Mike Lyon
Batting: RHB Steve Ferguson 0-0: Fly out, F8 (Flyball, 8LM)
Pitching: RHP Mario Peña
Batting: LHB Takahiro Harada 0-0: Foul Ball, location: 2F
0-1: Swinging Strike
0-2: Ball
1-2: Ball
2-2: Ball
3-2: Foul Ball, location: 2F
3-2: Ground out U3 (Groundball, 3S)
Pitching: RHP Gene Kirkland
Batting: RHB Brad Brown 0-0: Ball
1-0: Ball
2-0: Foul Ball, location: 2F
2-1: Reached on error, E4 (Groundball, 34)
Pitching: LHP Kevin Woods
Pinch Hitting: RHB Gerald Ambler 0-0: Ball
1-0: Called Strike
1-1: SINGLE (Flyball, 6MD)
Brad Brown to third
Runner from 3rd tries for Home, SAFE, no throw or cutoff
Batting: RHB Sherman Davis 0-0: Called Strike
0-1: Called Strike
0-2: Ball
1-2: Ball
2-2: Strikes out swinging
Bottom of the 8th over - 1 run(s), 1 hit(s), 1 error(s), 1 left on base; Buckhead 2 - Toledo 2
TOP OF THE 9TH
Buckhead Bowties batting - Pitching for Toledo Titans : RHP Burt Booth
Pitching: LHP Xavier Perea
Batting: RHB Dave King 0-0: Called Strike
0-1: Ball
1-1: Called Strike
1-2: Strikes out swinging
Pinch Hitting: RHB Aurelio Vázquez 0-0: Called Strike
0-1: Foul Ball, location: 2F
0-2: Strikes out swinging
Batting: RHB John Downing 0-0: Ball
1-0: Ball
2-0: Swinging Strike
2-1: Swinging Strike
2-2: Ball
3-2: Ground out 4-3 (Groundball, 13)
Top of the 9th over - 0 run(s), 0 hit(s), 0 error(s), 0 left on base; Buckhead 2 - Toledo 2
BOTTOM OF THE 9TH
Toledo Titans batting - Pitching for Buckhead Bowties : LHP Kevin Woods
Now in RF: Enrique Marroquín
Pinch Hitting: RHB Anthony Johnston 0-0: Ball
1-0: Called Strike
1-1: Foul Ball, location: 2F
1-2: Strikes out swinging
Batting: LHB Michael Neely 0-0: Swinging Strike
0-1: Foul Ball, location: 2F
0-2: Foul Ball, location: 2F
0-2: Strikes out swinging
Batting: RHB Juan Orozco 0-0: Called Strike
0-1: Ball
1-1: Ball
2-1: SINGLE (Groundball, 56D)
Batting: LHB Chris West 0-0: Ball
1-0: Ball
2-0: Called Strike
2-1: Fly out, F8 (Flyball, 8RXD)
Bottom of the 9th over - 0 run(s), 1 hit(s), 0 error(s), 1 left on base; Buckhead 2 - Toledo 2
TOP OF THE 10TH
Buckhead Bowties batting - Pitching for Toledo Titans : LHP Xavier Perea
Now at SS: Anthony Johnston
Batting: LHB Tony Martínez 0-0: Called Strike
0-1: SINGLE (Groundball, 4MD)
Batting: RHB Gabriel Rodríguez 0-0: SINGLE (Groundball, 34)
Tony Martínez to second
Runner from 2nd tries for 3rd, OUT!
Batting: LHB Kenneth Chapman 0-0: Ball
1-0: Called Strike
1-1: Foul Ball, location: 2F
1-2: Ball
2-2: Strikes out swinging
Batting: RHB Pedro Morales 0-0: Ball
1-0: Called Strike
1-1: Foul Ball, location: 2F
1-2: Ball
2-2: Strikes out swinging
Top of the 10th over - 0 run(s), 2 hit(s), 0 error(s), 1 left on base; Buckhead 2 - Toledo 2
BOTTOM OF THE 10TH
Toledo Titans batting - Pitching for Buckhead Bowties : LHP Kevin Woods
Batting: RHB Steve Ferguson 0-0: Ground out 5-3 (Groundball, 5)
Pinch Hitting: RHB Miguel García 0-0: Foul Ball, location: 2F
0-1: Foul Ball, location: 2F
0-2: Strikes out looking
Batting: RHB Brad Brown 0-0: Foul Ball, location: 2F
0-1: Swinging Strike
0-2: Ball
1-2: Foul Ball, location: 2F
1-2: Ball
2-2: Strikes out looking
Bottom of the 10th over - 0 run(s), 0 hit(s), 0 error(s), 0 left on base; Buckhead 2 - Toledo 2
TOP OF THE 11TH
Buckhead Bowties batting - Pitching for Toledo Titans : LHP Xavier Perea
Pitching: RHP Eric Miller
Now at 3B: Iván Gonzáles
Now in LF: Miguel García
Batting: RHB Domingo García 0-0: Ball
1-0: Called Strike
1-1: Foul Ball, location: 2F
1-2: Strikes out swinging
Pinch Hitting: RHB Shaun Bowles 0-0: Ball
1-0: Ball
2-0: Called Strike
2-1: Ball
3-1: Swinging Strike
3-2: Strikes out looking
Batting: RHB Dave King 0-0: Ball
1-0: Swinging Strike
1-1: Swinging Strike
1-2: Strikes out swinging
Top of the 11th over - 0 run(s), 0 hit(s), 0 error(s), 0 left on base; Buckhead 2 - Toledo 2
BOTTOM OF THE 11TH
Toledo Titans batting - Pitching for Buckhead Bowties : LHP Kevin Woods
Pitching: LHP Pedro Ortíz
Batting: LHB Iván Gonzáles 0-0: Called Strike
0-1: Called Strike
0-2: Ball
1-2: SINGLE (Groundball, 4MD) (infield hit)
Batting: RHB Sherman Davis 0-0: Bunted foul
0-1: Sac Bunt - play at second, runner OUT! 1-6
Batting: RHB Anthony Johnston 0-0: Called Strike
0-1: Ball
1-1: Ball
2-1: Grounds into double play, 6-4-3 (Groundball, 6M)
Bottom of the 11th over - 0 run(s), 1 hit(s), 0 error(s), 0 left on base; Buckhead 2 - Toledo 2
TOP OF THE 12TH
Buckhead Bowties batting - Pitching for Toledo Titans : RHP Eric Miller
Batting: RHB Enrique Marroquín 0-0: Ball
1-0: Ground out 6-3 (Groundball, 6)
Batting: RHB John Downing 0-0: Foul Ball, location: 2F
0-1: Swinging Strike
0-2: Ball
1-2: Foul Ball, location: 2F
1-2: Foul Ball, location: 2F
1-2: Ball
2-2: Ball
3-2: Ground out 6-3 (Groundball, 6M)
Batting: LHB Tony Martínez 0-0: Ball
1-0: Ball
2-0: Fly out, F8 (Flyball, 4MD)
Top of the 12th over - 0 run(s), 0 hit(s), 0 error(s), 0 left on base; Buckhead 2 - Toledo 2
BOTTOM OF THE 12TH
Toledo Titans batting - Pitching for Buckhead Bowties : LHP Pedro Ortíz
Batting: LHB Michael Neely 0-0: Ball
1-0: Fly out, F9 (Flyball, 9M)
Batting: RHB Juan Orozco 0-0: Fly out, F3 (Popup, 3F)
Batting: LHB Chris West 0-0: Ball
1-0: Ball
2-0: Ball
3-0: Called Strike
3-1: Called Strike
3-2: Foul Ball, location: 2F
3-2: Foul Ball, location: 2F
3-2: Strikes out swinging
Bottom of the 12th over - 0 run(s), 0 hit(s), 0 error(s), 0 left on base; Buckhead 2 - Toledo 2
TOP OF THE 13TH
Buckhead Bowties batting - Pitching for Toledo Titans : RHP Eric Miller
Batting: RHB Gabriel Rodríguez 0-0: Called Strike
0-1: Called Strike
0-2: Ball
1-2: Strikes out swinging
Batting: LHB Kenneth Chapman 0-0: Ball
1-0: Called Strike
1-1: Ball
2-1: Called Strike
2-2: Foul Ball, location: 2F
2-2: Strikes out swinging
Batting: RHB Pedro Morales 0-0: Swinging Strike
0-1: Ground out 5-3 (Groundball, 5S)
Top of the 13th over - 0 run(s), 0 hit(s), 0 error(s), 0 left on base; Buckhead 2 - Toledo 2
BOTTOM OF THE 13TH
Toledo Titans batting - Pitching for Buckhead Bowties : LHP Pedro Ortíz
Batting: RHB Eric Miller 0-0: Called Strike
0-1: Ball
1-1: Foul Ball, location: 2F
1-2: Strikes out swinging
Batting: RHB Miguel García 0-0: Called Strike
0-1: Ball
1-1: Ball
2-1: Swinging Strike
2-2: Strikes out looking
Batting: RHB Brad Brown 0-0: Called Strike
0-1: Swinging Strike
0-2: Ball
1-2: Ball
2-2: Strikes out swinging
Bottom of the 13th over - 0 run(s), 0 hit(s), 0 error(s), 0 left on base; Buckhead 2 - Toledo 2
TOP OF THE 14TH
Buckhead Bowties batting - Pitching for Toledo Titans : RHP Eric Miller
Batting: RHB Domingo García 0-0: SINGLE (Line Drive, 56)
Batting: LHB Pedro Ortíz 0-0: Sac Bunt - play at first, batter OUT! 2-4
Domingo García to second
Batting: RHB Dave King 0-0: Intentional Walk
Batting: RHB Enrique Marroquín 0-0: Called Strike
0-1: Hit by Pitch
Domingo García to third
Dave King to second
Batting: RHB John Downing 0-0: Called Strike
0-1: SINGLE (Groundball, 5D)
Domingo García scores
Dave King to third
Enrique Marroquín to second
Runner from 3rd tries for Home, SAFE, no throw or cutoff
Batting: LHB Tony Martínez 0-0: Ball
1-0: Ball
2-0: Ball
3-0: Called Strike
3-1: Foul Ball, location: 2F
3-2: Strikes out swinging
Pitching: RHP Adrián Ramos
Batting: RHB Gabriel Rodríguez 0-0: Ball
1-0: Ball
2-0: Ball
3-0: Ground out 6-3 (Groundball, 6)
Top of the 14th over - 2 run(s), 2 hit(s), 0 error(s), 2 left on base; Buckhead 4 - Toledo 2
BOTTOM OF THE 14TH
Toledo Titans batting - Pitching for Buckhead Bowties : LHP Pedro Ortíz
Batting: LHB Iván Gonzáles 0-0: Called Strike
0-1: Called Strike
0-2: Ball
1-2: Strikes out swinging
Batting: RHB Sherman Davis 0-0: Called Strike
0-1: Ball
1-1: Ball
2-1: Foul Ball, location: 2F
2-2: Ball
3-2: Ground out 5-3 (Groundball, 56)
Batting: RHB Anthony Johnston 0-0: Ground out 4-3 (Groundball, 4S)
Bottom of the 14th over - 0 run(s), 0 hit(s), 0 error(s), 0 left on base; Buckhead 4 - Toledo 2
This league is powered by Out of the Park Baseball, the baseball management simulation game for PC, Mac and Linux
Friday, October 23rd, 2015 - OOTP Baseball 16.9 Build 39